 Dungeon Crawl Stone Soup version bcrawl-1.19.1 (webtiles) character file.

Game seed: 13406062499992962387

105431 Morbidden the Eclecticist (level 15, -1/132 HPs)
             Began as a Djinni Conjurer on Nov 22, 2019.
             Was the Champion of Cheibriados.
             Succumbed to a nagaraja's poison arrow
             ... on level 3 of the Snake Pit.
             The game lasted 01:15:32 (26438 turns).

Morbidden the Eclecticist (Djinni Conjurer)        Turns: 26438, Time: 01:15:33

Health: -1/132     AC: 28    Str: 41    XL:     15   Next: 94%
Magic:  16/52      EV: 11    Int: 38    God:    Cheibriados [******]
Gold:   1737       SH: 21    Dex: 37    Spells: 32/47 levels left

rFire    + + +     SeeInvis .   J - +8 spear "Jutuecko" {venom, Str+8 Stlth-}
rCold    + . .     Gourm    .   a - +2 shield
rNeg     . . .     Faith    .   Z - +4 plate armour
rPois    .         Spirit   .   V - +0 helmet "Mastroite" {Regen+ Str+6} (curse)
rElec    +         Reflect  +   x - scarf {rC+ rF+}
rCorr    .         Harm     .   Q - +4 pair of gloves "Qodyteir" {rElec Dex+4}
MR       +....     Rnd*Rage +   (boots unavailable)
Stlth    ..........             A - +3 amulet of reflection
HPRegen  0.72/turn              e - ring of magical power
MPRegen  0.33/turn              L - ring "Nexzep" {*Drain rF+ AC+4 Dex+7}

@: lethally poisoned (-1 -> -31), flying, very slow
A: never pass out, berserk 2, blink, blurry vision 2, fire resistance 1, high mp
2, wild magic 3, disrupted magic 1, MP-powered wands, floating
a: Blink, Bend Time, Temporal Distortion, Slouch, Step From Time, Renounce
Religion


You were on level 3 of the Snake Pit.
You worshipped Cheibriados.
Cheibriados was exalted by your worship.
You were not hungry.

You visited 4 branches of the dungeon, and saw 22 of its levels.
You visited 1 bazaar.
You also visited: Gauntlet and Ice Cave.

You collected 2527 gold pieces.
You spent 790 gold pieces at shops.

Inventory:

Hand Weapons
 J - the +8 spear "Jutuecko" (weapon) {venom, Str+8 Stlth-}
   (You found it on level 1 of the Lair of Beasts)

   It poisons the flesh of those it strikes.
   It affects your strength (+8).
   It makes you less stealthy.
 U - a +4 demon trident of piercing
Missiles
 W - 460 javelins (quivered)
 X - 3 throwing nets {!f}
Armour
 a - a +2 shield (worn)
 x - a scarf of resistance (worn)
 y - +0 gold dragon scales
 Q - the +4 pair of gloves "Qodyteir" (worn) {rElec Dex+4}
   (You acquired it on level 11 of the Dungeon)

   It affects your dexterity (+4).
   It insulates you from electricity.
 V - the cursed +0 helmet "Mastroite" (worn) {Regen+ Str+6}
   (You found it on level 1 of the Snake Pit)

   It affects your strength (+6).
   It increases your rate of regeneration.
   It has a curse placed upon it.
 Z - a +4 plate armour (worn)
Jewellery
 e - a ring of magical power (left hand)
 j - a +4 ring of protection
 l - an uncursed ring of protection from fire
 A - a +3 amulet of reflection (around neck)
 K - an uncursed ring of ice
 L - the ring "Nexzep" (right hand) {*Drain rF+ AC+4 Dex+7}
   (You bought it in a shop on level 7 of the Dungeon)

   [ring of protection]

   It affects your AC (+4).
   It affects your dexterity (+7).
   It protects you from fire.
   It causes draining when unequipped.
Wands
 b - a wand of disintegration (26)
 r - a wand of flame (137)
 v - a wand of random effects (5)
 H - a wand of digging (8)
 I - a wand of acid (5)
 M - a wand of iceblast (8)
 P - a wand of paralysis (14)
Scrolls
 g - 8 scrolls of fog
 h - 4 scrolls of fear
 i - 10 scrolls of teleportation
 k - 2 scrolls of magic mapping
 m - 10 scrolls of amnesia
 q - 14 scrolls of remove curse
 s - a scroll of summoning
 z - 6 scrolls of enchant armour
 E - 3 scrolls of blinking
 G - 2 scrolls of vulnerability
 N - a scroll of immolation
 T - 2 scrolls of enchant weapon
Potions
 c - a potion of magic
 f - a potion of might
 n - 8 potions of curing
 p - 2 potions of flight {unknown}
 t - 6 potions of heal wounds
 u - a potion of brilliance
 w - 5 potions of agility
 B - a potion of resistance {unknown}
 C - 2 potions of cancellation {unknown}
 D - a potion of ambrosia {unknown}
 O - 2 potions of mutation
 R - a potion of invisibility
 S - a potion of lignification {unknown}
Miscellaneous
 Y - a phantom mirror
Comestibles
 d - 49 rations {!d}


   Skills:
 * Level 12.0 Fighting
   Level 3.5 Maces & Flails
 + Level 7.2 Polearms
 + Level 7.7 Armour
 + Level 3.7 Dodging
 - Level 1.5 Stealth
 + Level 8.7 Shields
 + Level 0.1 Unarmed Combat
 * Level 16.8 Spellcasting
 * Level 15.0 Conjurations
 + Level 2.7 Poison Magic
 - Level 12.0 Invocations
 + Level 0.6 Evocations


You had 32 spell levels left.
You knew the following spells:

 Your Spells              Type           Power        Failure   Level  Hunger
a - Iskenderun's Mystic   Conj           ########     3%          3    None
b - Magic Dart            Conj           ####         2%          1    None
c - Orb of Destruction    Conj           ########..   52%         7    ##.....
d - Olgreb's Toxic Radia  Pois           #######.     69%         4    None

Your spell library contained the following spells:

 Spells                   Type           Power        Failure   Level  Hunger
 Searing Ray              Conj           ######       2%          2    None
 Sting                    Conj/Pois      ####         6%          1    None
 Flame Tongue             Conj/Fire      #####        8%          1    None
 Conjure Flame            Conj/Fire      ########     13%         3    None
 Stone Arrow              Conj/Erth      ######       13%         3    None
 Fulminant Prism          Conj/Hex       ########..   24%         4    None
 Sticky Flame             Conj/Fire      ########     24%         4    None
 Venom Bolt               Conj/Pois      ########..   32%         5    None
 Poisonous Vapours        Pois/Air       ######       36%         2    None
 Animate Skeleton         Necr           N/A          38%         1    None
 Apportation              Tloc           ######       38%         1    None
 Beastly Appendage        Tmut           ######       38%         1    None
 Infusion                 Chrm           ######..     38%         1    None
 Pain                     Necr           ######       38%         1    None
 Sandblast                Erth           ######       38%         1    None
 Slow                     Hex            ######..     38%         1    None
 Summon Butterflies       Summ           ######..     38%         1    None
 Bolt of Draining         Conj/Necr      ########..   45%         5    None
 Fireball                 Conj/Fire      ########..   45%         5    None
 Irradiate                Conj/Tmut      ########..   45%         5    None
 Flaming Arrows           Chrm/Fire      ######..     50%         2    None
 Passwall                 Tmut/Erth      ######..     50%         2    None
 Sticks to Snakes         Tmut           ######..     50%         2    None
 Swiftness                Chrm/Air       ######..     50%         2    None
 Spider Form              Tmut/Pois      ###          52%         3    None
 Ignite Poison            Fire/Tmut/Pois ######..     56%         3    None
 False Image              Hex/Summ       ######..     67%         3    None
 Inner Flame              Hex/Fire       N/A          67%         3    None
 Regeneration             Chrm/Necr      ######....   67%         3    None
 Vampiric Draining        Necr           ######....   67%         3    None
 Bolt of Magma            Conj/Fire/Erth #######...   71%         5    None
 Summon Scorpions         Summ/Pois      ######..     85%         4    None
 Animate Dead             Necr           N/A          94%         4    None
 Ice Form                 Ice/Tmut       ######..     94%         4    None
 Petrify                  Tmut/Erth      ######..     94%         4    None
 Blade Hands              Tmut           ######....   99%         5    None
 Lee's Rapid Deconstruct  Erth           ######....   99%         5    None
 Statue Form              Tmut/Erth      ######...    100%        6    None
 Tornado                  Air            ######....   100%        9    ######.


Dungeon Overview and Level Annotations

Branches:
Dungeon (12/12)            Temple (1/1) D:6            Lair (6/6) D:9
 Shoals (0/3) Lair:4        Snake (3/3) Lair:3        Slime (0/5) Lair:6
    Orc (0/1) D:10         Vaults (0/3) D:11         Depths (0/5) D:12

Altars:
Ashenzari
Cheibriados
Dithmenos
Elyvilon
Fedhas
Gozag
Hepliaklqana
Kikubaaqudgha
Lugonu
Makhleb
Nemelex Xobeh
Okawaru
Qazlal
Ru
Sif Muna
Trog
Uskayaw
Vehumet
Wu Jian
Xom
Yredelemnul
Zin
The Shining One
Beogh
Jiyva

Shops:
D:4 !   D:5 :   D:6 ?   D:7 =   D:9 *   D:11 [%}([

Annotations:
D:9 2 transporters, Banto's ghost, journeyman OpTm
Lair:2 3 runed translucent doors, Freyura's ghost, journeyman GrGl


Innate Abilities, Weirdness & Mutations

You never pass out after going berserk.
You often lose your temper in combat.
You can translocate small distances at will.
Scrolls take you longer to read.
Your flesh is heat resistant. (rF+)
You have a considerably increased reservoir of magic. (+20% MP)
Your spells are much harder to cast, but much more powerful.
Your casting is slightly disrupted.
You expend magic power (3 MP) to strengthen your wands.
Your body floats in the air.


Message History

Confirm with . or Enter, or press ? or * to list all spells.
Aiming: Iskenderun's Mystic Blast (safe; 3% risk of failure)
Press: ? - help, Shift-Dir - straight line, f/p - naga
Aim: a naga, wielding a +0 scimitar and wearing a +0 robe (heavily wounded)
The orb of energy hits the naga.
You kill the naga!
Cheibriados thoroughly appreciates the change of pace.
The orb of energy explodes!
The mystic blast hits the black mamba.
You kill the black mamba!
Cheibriados thoroughly appreciates the change of pace.
* * * LOW HITPOINT WARNING * * *
You feel very sick.
Casting: Iskenderun's Mystic Blast (safe; 3% risk of failure)
Confirm with . or Enter, or press ? or * to list all spells.
Aiming: Iskenderun's Mystic Blast (safe; 3% risk of failure)
Press: ? - help, Shift-Dir - straight line, f - naga
Aim: a naga, wielding a +0 mace and wearing a +0 robe The orb of energy hits the naga.
The naga is heavily wounded.
You die...

#####
##.8.##
#.?...#
#8)@.8#
#.)).)#
##.N.##
##'##


N.N ... ### You could see a naga ritualist and 2 nagas.

Vanquished Creatures
  An Ice Fiend (IceCv)
  The ghost of skelma the Cloud Mage, an adept FrAE of Vehumet (Snake:1)
  A nagaraja (Snake:3)
  A rakshasa (Snake:2)
  3 hydras
  4 naga warriors
  5 anacondas
  A centaur warrior (D:10)
  4 two-headed ogres
  A death scarab (Gauntlet)
  A queen ant (Gauntlet)
  An ogre mage (D:11)
  A tengu warrior (D:7)
  Urug (D:10)
  2 shock serpents
  2 naga sharpshooters (Snake:2)
  2 salamander mystics
  A skeletal warrior (D:11)
  An unseen horror (D:12)
  A sea snake (Snake:1)
  2 naga ritualists (Snake:2)
  A glowing orange brain (Gauntlet)
  Pikel (D:7)
  4 cyclopes
  A necromancer (D:12)
  2 orc knights
  4 ugly things
  7 mana vipers
  An orc sorcerer (D:12)
  A salamander (Snake:2)
  A moth of wrath (Snake:1)
  2 manticores
  3 slime creatures (D:12)
  A deep elf mage (D:12)
  4 centaur zombies
  5 ice statues (IceCv)
  A guardian serpent (Snake:1)
  26 elephants
  22 black mambas
  9 naga magi
  10 centaur skeletons
  A minotaur zombie (Gauntlet)
  12 cane toads
  A kobold demonologist (D:12)
  10 komodo dragons
  A yaktaur (D:11)
  2 rime drakes
  8 ice devils (IceCv)
  2 anaconda simulacra (IceCv)
  A tengu conjurer (D:7)
  4 trolls
  4 polar bears
  Prince Ribbit (D:7)
  6 hornets
  A dream sheep (Lair:1)
  6 hippogriffs
  11 blink frogs
  10 spriggans (Lair:6)
  3 dire elephant simulacra (IceCv)
  3 wyverns
  A centaur simulacrum (D:12)
  24 yaks
  3 basilisks
  4 hungry ghosts
  19 nagas
  An iron troll simulacrum (IceCv)
  25 water moccasins
  9 crocodiles
  6 soldier ants (Gauntlet)
  4 hydra simulacra (IceCv)
  6 porcupines
  3 sky beasts
  Duvessa (D:7)
  A phantom (D:6)
  4 ice beasts
  15 orc warriors
  2 slaves (D:7)
  7 ogres
  25 wolves
  5 black bears
  5 boggarts (Lair:6)
  A necrophage (D:5)
  7 centaurs
  7 big kobolds
  14 bullfrogs
  A gnoll sergeant (D:8)
  8 scorpions
  Dowan (D:7)
  2 troll zombies (D:10)
  8 wights
  7 electric eels
  A howler monkey (D:5)
  3 crimson imps
  12 hounds
  2 jellies
  8 orc wizards
  11 orc priests
  2 iguanas
  8 worker ants
  6 ogre zombies (D:10)
  A hound skeleton (D:5)
  A howler monkey zombie (D:3)
  14 gnolls
  2 worker ant zombies
  12 adders
  2 shadow imps
  2 oozes
  4 worms
  2 dart slugs
  2 leopard geckos
  75 orcs
  3 giant cockroaches
  7 goblins
  8 hobgoblins
  5 jackals (D:2)
  26 kobolds
  4 quokkas
  4 ball pythons
  8 bats
  A frilled lizard (D:5)
  A goblin skeleton (D:10)
  A goblin zombie (D:10)
  2 hobgoblin skeletons (D:10)
  5 hobgoblin zombies (D:10)
  2 orc skeletons (D:10)
  14 orc zombies (D:10)
  A quokka skeleton (D:4)
  6 rats
  2 fungi
  3 plants
729 creatures vanquished.

Vanquished Creatures (others)
  A minotaur (Gauntlet)
  Fannar (D:12)
  A black mamba (Snake:2)
  A naga mage (Snake:2)
  A yaktaur (D:11)
  A slave (D:7)
  A scorpion (D:7)
  An orc priest (D:7)
  An orc wizard (D:9)
  30 fungi
  15 plants
54 creatures vanquished.

Grand Total: 783 creatures vanquished

Notes
Turn   | Place    | Note
-------+----------+-------------------------------------------
     0 | D:1      | Morbidden the Djinni Conjurer began the quest for the Orb.
     0 | D:1      | Reached XP level 1. HP: 14/14 MP: 4/4
   138 | D:1      | Reached XP level 2. HP: 22/22 MP: 1/6
   675 | D:2      | Reached skill level 5 in Conjurations
   675 | D:2      | Reached XP level 3. HP: 27/27 MP: 7/7
   735 | D:2      | Found a white marble altar of Elyvilon.
   826 | D:1      | Reached skill level 1 in Fighting
   853 | D:1      | Learned a level 3 spell: Iskenderun's Mystic Blast
  1005 | D:2      | Reached skill level 1 in Shields
  1118 | D:2      | Gained mutation: Your spells are harder to cast, but more
                  | powerful. [Djinni growth]
  1118 | D:2      | Gained mutation: You can translocate small distances at
                  | will. [Djinni growth]
  1118 | D:2      | Reached XP level 4. HP: 35/35 MP: 9/9
  1236 | D:2      | Found a burning altar of Makhleb.
  1459 | D:2      | Found a basalt altar of Yredelemnul.
  1932 | D:3      | Reached XP level 5. HP: 41/41 MP: 0/10
  2068 | D:3      | Reached skill level 4 in Spellcasting
  2730 | D:4      | Noticed a sky beast
  2735 | D:4      | Killed a sky beast
  2735 | D:4      | Reached skill level 5 in Spellcasting
  2735 | D:4      | Reached XP level 6. HP: 48/48 MP: 12/13
  3031 | D:4      | Found Giporeuk's Distillery.
  3034 | D:4      | Bought a potion of heal wounds for 70 gold pieces
  3034 | D:4      | Bought a potion of heal wounds for 70 gold pieces
  3078 | D:5      | Entered Level 5 of the Dungeon
  3098 | D:5      | Found Fedeon's Book Shoppe.
  3156 | D:5      | Noticed a yak
  3165 | D:5      | Noticed a yak
  3166 | D:5      | Killed a yak
  3166 | D:5      | Reached skill level 6 in Spellcasting
  3166 | D:5      | Reached XP level 7. HP: 56/56 MP: 14/16
  3171 | D:5      | Killed a yak
  3171 | D:5      | Reached skill level 1 in Polearms
  3172 | D:5      | Noticed a yak
  3219 | D:5      | Reached skill level 7 in Spellcasting
  3309 | D:5      | Killed a yak
  3309 | D:5      | Gained mutation: Your spells are much harder to cast, but
                  | much more powerful. [Djinni growth]
  3309 | D:5      | Reached XP level 8. HP: 63/63 MP: 16/19
  3484 | D:5      | Reached skill level 8 in Spellcasting
  4047 | D:6      | Found a staircase to the Ecumenical Temple.
  4122 | D:6      | Reached skill level 9 in Spellcasting
  4282 | Temple   | Entered the Ecumenical Temple
  4467 | Temple   | Became a worshipper of Cheibriados the Contemplative
  4824 | D:6      | Reached skill level 1 in Invocations
  4961 | D:6      | Reached * piety under Cheibriados
  4976 | D:6      | Reached XP level 9. HP: 71/71 MP: 20/22
  5555 | D:6      | Found Erhex's Magic Scroll Boutique.
  5981 | D:7      | Reached ** piety under Cheibriados
  5981 | D:7      | Reached skill level 10 in Spellcasting
  6114 | D:7      | Noticed a tengu warrior
  6116 | D:7      | Noticed a tengu conjurer
  6125 | D:7      | Killed a tengu warrior
  6126 | D:7      | Killed a tengu conjurer
  6126 | D:7      | Reached skill level 11 in Spellcasting
  6318 | D:7      | Got a shimmering leather armour
  6331 | D:7      | Reached skill level 10 in Conjurations
  6331 | D:7      | Noticed Pikel
  6339 | D:7      | Killed Pikel
  6339 | D:7      | Reached skill level 5 in Fighting
  6339 | D:7      | Reached skill level 1 in Armour
  6339 | D:7      | Reached XP level 10. HP: 56/81 MP: 13/25
  6479 | D:7      | Identified the cursed +0 leather armour of the Duchess
                  | {rElec} (You found it on level 7 of the Dungeon)
  6537 | D:7      | Noticed Dowan
  6538 | D:7      | Noticed Duvessa
  6540 | D:7      | Killed Dowan
  6545 | D:7      | Killed Duvessa
  6853 | D:7      | Found Xywn's Jewellery Boutique.
  7103 | D:7      | Found a runed door.
  7328 | D:7      | Noticed Prince Ribbit
  7331 | D:7      | Killed Prince Ribbit
  7331 | D:7      | Reached skill level 1 in Maces & Flails
  7350 | D:7      | Reached *** piety under Cheibriados
  7613 | D:7      | Found a roughly hewn altar of Beogh.
  7841 | D:8      | Found a radiant altar of Vehumet.
  7841 | D:8      | Found a shattered altar of Ashenzari.
  7841 | D:8      | Found a glowing golden altar of the Shining One.
  7849 | D:8      | Found a glowing silver altar of Zin.
  8289 | D:8      | Reached skill level 12 in Spellcasting
  8333 | D:8      | Reached **** piety under Cheibriados
  8604 | D:9      | Found Foptemaf's Fabulous Fripperies.
  8789 | D:9      | Found a staircase to the Lair.
  8878 | D:9      | Noticed a cyclops
  8891 | D:9      | Killed a cyclops
  9029 | D:9      | Noticed Banto's ghost (journeyman OpTm)
  9030 | D:9      | Noticed a five-headed hydra
  9039 | D:9      | Found a transporter.
  9040 | D:9      | Noticed a moth of wrath
  9080 | D:9      | Found a transporter.
  9185 | D:9      | Reached ***** piety under Cheibriados
  9185 | D:9      | Reached XP level 11. HP: 91/91 MP: 27/27
  9188 | D:9      | Noticed a cyclops
  9204 | D:9      | Killed a cyclops
  9572 | D:10     | Entered Level 10 of the Dungeon
  9578 | D:10     | Reached skill level 5 in Invocations
  9683 | D:7      | Bought the ring "Nexzep" {*Drain rF+ AC+4 Dex+7} for 650
                  | gold pieces
  9740 | Lair:1   | Entered Level 1 of the Lair of Beasts
  9745 | Lair:1   | Reached skill level 5 in Shields
 10230 | Lair:1   | Reached skill level 13 in Spellcasting
 10600 | Lair:1   | Got a jewelled spear
 10977 | Lair:2   | Got a brightly glowing shortbow
 10980 | Lair:2   | Identified the cursed +3 shortbow of Jyopnut {venom, rPois
                  | rC+ rN+ MP+9} (You found it on level 2 of the Lair of
                  | Beasts)
 11063 | Lair:2   | Identified the +8 spear "Jutuecko" {venom, Str+8 Stlth-}
                  | (You found it on level 1 of the Lair of Beasts)
 11080 | Lair:2   | Found a basalt altar of Yredelemnul.
 11276 | Lair:2   | Found a runed translucent gate.
 11276 | Lair:2   | Found a runed translucent gate.
 11276 | Lair:2   | Found a runed translucent gate.
 11276 | Lair:2   | Noticed Freyura's ghost (journeyman GrGl)
 11407 | Lair:2   | Gained mutation: Your casting is slightly disrupted.
                  | [Djinni growth]
 11407 | Lair:2   | Gained mutation: Your flesh is heat resistant. (rF+)
                  | [Djinni growth]
 11407 | Lair:2   | Gained mutation: You have an increased reservoir of magic.
                  | (+10% MP) [Djinni growth]
 11407 | Lair:2   | Gained mutation: You have a considerably increased
                  | reservoir of magic. (+20% MP) [Djinni growth]
 11407 | Lair:2   | Reached XP level 12. HP: 101/101 MP: 27/35
 11715 | Lair:3   | Reached ****** piety under Cheibriados
 11985 | Lair:3   | Found a staircase to the Snake Pit.
 12773 | D:10     | Noticed a two-headed ogre
 12776 | D:10     | Killed a two-headed ogre
 12986 | D:10     | Reached skill level 5 in Armour
 12986 | D:10     | Reached skill level 14 in Spellcasting
 13018 | D:10     | Found a staircase to the Orcish Mines.
 13042 | D:10     | Identified the cursed +1 leather armour of the Teacher {rC+
                  | Str+4 Dex+2}
 13258 | D:10     | Noticed Urug
 13262 | D:10     | Killed Urug
 13335 | D:10     | Noticed a centaur warrior
 13339 | D:10     | Killed a centaur warrior
 14214 | D:11     | Found a roughly hewn altar of Beogh.
 14243 | D:11     | Found Muocvut's Antique Armour Emporium.
 14285 | D:11     | Found Fuejedd's Food Shoppe.
 14299 | D:11     | Identified a scroll of acquirement
 14299 | D:11     | Got a pair of twisted gloves
 14305 | D:11     | Identified the +4 pair of gloves "Qodyteir" {rElec Dex+4}
                  | (You acquired it on level 11 of the Dungeon)
 14338 | D:11     | Found Dyedu's Armour Emporium.
 14356 | D:11     | Found a gate leading to a gauntlet.
 14365 | Gauntlet | Entered a Gauntlet
 14365 | Gauntlet | Found a transporter.
 14374 | Gauntlet | Noticed a queen ant
 14375 | Gauntlet | Found a transporter.
 14390 | Gauntlet | Found a transporter.
 14395 | Gauntlet | Found a transporter.
 14416 | Gauntlet | Found a transporter.
 14417 | Gauntlet | Noticed a dire elephant
 14429 | Gauntlet | Found a transporter.
 14452 | Gauntlet | Found a transporter.
 14466 | Gauntlet | Found a transporter.
 14486 | Gauntlet | Found a transporter.
 14498 | Gauntlet | Found a transporter.
 14517 | Gauntlet | Found a transporter.
 14533 | Gauntlet | Found a transporter.
 14535 | Gauntlet | Found a transporter.
 14561 | Gauntlet | Found a transporter.
 14562 | Gauntlet | Noticed a death scarab
 14563 | Gauntlet | Found a transporter.
 14565 | Gauntlet | Found a transporter.
 14593 | Gauntlet | Found a transporter.
 14595 | Gauntlet | Found a transporter.
 14621 | Gauntlet | Killed a death scarab
 14626 | Gauntlet | Reached XP level 13. HP: 77/111 MP: 31/37
 14720 | Gauntlet | Identified Kevuefag's Reference Book on Ashen Companions
 14755 | Gauntlet | Got a brightly glowing turquoise ring
 14758 | Gauntlet | Identified the ring "Xouduoll" {rF+ rCorr Str-2 Int+2
                  | Dex+5} (You found it in a Gauntlet)
 14786 | Gauntlet | Noticed a minotaur
 14791 | Gauntlet | Killed a minotaur
 14813 | Gauntlet | Found the +8 whip "Snakebite" {curare, rPois}
 14998 | D:11     | Found Beicwaju's Antique Weapon Emporium.
 15103 | D:11     | Identified the +1 long sword "Soovaig" {drain, rF- MR+++
                  | Int+3}
 15111 | D:11     | Found a gate to the Vaults.
 15471 | D:11     | Reached skill level 10 in Fighting
 15587 | D:11     | Found Ishraxt's Gadget Emporium.
 16327 | Lair:4   | Found a staircase to the Shoals.
 16338 | Lair:4   | Reached skill level 15 in Spellcasting
 16342 | Lair:4   | Reached skill level 10 in Invocations
 17327 | Lair:5   | Reached XP level 14. HP: 122/122 MP: 39/39
 17936 | Lair:6   | Entered Level 6 of the Lair of Beasts
 18262 | Lair:6   | Found a viscous altar of Jiyva.
 18264 | Lair:6   | Found a staircase to the Slime Pits.
 18542 | Lair:6   | Reached skill level 5 in Polearms
 18948 | Lair:6   | Identified Sif Muna's Papyrus of Aerial Battle Magic
 19904 | Lair:6   | Learned a level 7 spell: Orb of Destruction
 20086 | Lair:6   | Learned a level 4 spell: Olgreb's Toxic Radiance
 20293 | D:12     | Entered Level 12 of the Dungeon
 20488 | D:12     | Noticed Fannar
 20493 | D:12     | Killed Fannar
 20581 | D:12     | Reached skill level 1 in Poison Magic
 20760 | D:12     | Found an opulent altar of Gozag.
 21404 | D:12     | Reached skill level 16 in Spellcasting
 21457 | D:12     | Found a staircase to the Depths.
 21751 | Snake:1  | Entered Level 1 of the Snake Pit
 21806 | Snake:1  | Found a flickering gateway to a bazaar.
 21818 | Bazaar   | Entered a bazaar
 21818 | Bazaar   | Found Okiotredot's Antique Weapon Shoppe.
 21818 | Bazaar   | Found Zuhyraeq's Food Emporium.
 21820 | Bazaar   | Found Ruej Wer's Book Emporium.
 21907 | Bazaar   | Found Ecis's Book Shoppe.
 21944 | Snake:1  | Found a frozen archway.
 21949 | IceCv    | Entered an ice cave
 22094 | IceCv    | Reached XP level 15. HP: 120/130 MP: 39/42
 22965 | IceCv    | Noticed an Ice Fiend
 22971 | IceCv    | Killed an Ice Fiend
 23758 | Snake:1  | Found a transporter.
 23764 | Snake:1  | Noticed skelma's ghost (adept FrAE)
 24453 | Snake:1  | Got a faintly humming helmet
 25175 | Snake:1  | Found a transporter.
 25217 | Snake:1  | Killed skelma's ghost
 25267 | Snake:1  | Identified the cursed +0 helmet "Mastroite" {Regen+ Str+6}
                  | (You found it on level 1 of the Snake Pit)
 25293 | Snake:1  | Identified the ring "Wezoaf" {+Inv rElec rN+ Int+4 Stlth-}
                  | (You found it on level 1 of the Snake Pit)
 25296 | Snake:1  | Identified the ring of Femmolu {rElec rN+ MR- Dex+9 SInv}
                  | (You found it on level 1 of the Snake Pit)
 26076 | Snake:2  | Identified the +1 robe of the Villain {rF+ Dex+4} (You
                  | found it on level 2 of the Snake Pit)
 26259 | Snake:3  | Entered Level 3 of the Snake Pit
 26367 | Snake:3  | Noticed a nagaraja
 26435 | Snake:3  | Reached skill level 15 in Conjurations
 26435 | Snake:3  | HP: 5/132 [poisoned by a nagaraja (poison arrow)]
 26436 | Snake:3  | Killed a nagaraja
 26437 | Snake:3  | HP: 1/132 [poisoned by a nagaraja (poison arrow)]
 26438 | Snake:3  | Succumbed to a nagaraja's poison arrow

Skill      XL: |  1  2  3  4  5  6  7  8  9 10 11 12 13 14 15 |
---------------+----------------------------------------------+-----
Conjurations   | 5 6 7 8 10 11 12 13 14 15 | 15.0
Fighting       | 1 2 3 4 5 6 7 9 10 11 12 | 12.0
Shields        | 1 2 3 4 5 6 7 8 |  8.7
Spellcasting   | 5 6 7 9 11 12 13 14 15 16 | 16.8
Polearms       | 1 2 4 6 7 |  7.2
Invocations    | 1 3 4 7 8 10 11 12 | 12.0
Armour         | 1 2 4 5 6 7 |  7.7
Maces & Flails | 2 3 |  3.5
Dodging        | 3 |  3.7
Poison Magic   | 2 |  2.7
Stealth        | |  1.5
Unarmed Combat | |  0.1
Evocations     | |  0.6

Action                   |  1- 3 |  4- 6 |  7- 9 | 10-12 | 13-15 || total
-------------------------+-------+-------+-------+-------+-------++-------
Melee: Unarmed           |    11 |       |       |       |       ||    11
       Spear             |       |    18 |     6 |    97 |   491 ||   612
       Morningstar       |       |       |     3 |    63 |       ||    66
 Cast: Magic Dart        |    76 |    84 |   167 |    78 |     2 ||   407
       Iskenderun's Myst |     2 |    15 |    59 |   299 |   481 ||   856
       Olgreb's Toxic Ra |       |       |       |       |     1 ||     1
Invok: Slouch            |       |       |       |     2 |     5 ||     7
Evoke: Wand              |       |       |       |     2 |     1 ||     3
  Use: Scroll            |       |       |    11 |    18 |    15 ||    44
       Potion            |       |       |       |     1 |     4 ||     5
 Stab: Sleeping          |       |     1 |       |       |       ||     1
  Eat: Chunk             |       |     8 |     7 |    13 |    10 ||    38
       Ration            |       |       |       |       |     3 ||     3
Armor: Robe              |     3 |     7 |     8 |       |       ||    18
       Ring mail         |       |       |     9 |    12 |       ||    21
       Scale mail        |       |       |       |    60 |       ||    60
       Plate armour      |       |       |       |       |   313 ||   313
       Chain mail        |       |       |       |       |    11 ||    11
Dodge: Dodged            |     9 |     7 |    41 |    59 |   172 ||   288
Block: Buckler           |     5 |     3 |    15 |       |       ||    23
       Shield            |       |       |     4 |   174 |   679 ||   857
       Reflection        |       |       |       |       |    49 ||    49
